Map: Tokamak LE

Players

LigerMaNN - Winner!

  • Race: Zerg Zerg
  • League: Diamond
  • Spawn Location: 7:00

damianffg

  • Race: Zerg Zerg
  • League: Master
  • Spawn Location: 1:00

VOD

Have the link to the VOD?

Description

Time

  • Played on: June 26, 2025, 4:56 a.m.
  • Length: 4:04
Show
View Real Time Build Order
Export as new Build Order

LigerMaNN Zerg - Winner!

Build Orders: Hatch First 

Get SALT Encoding   

  12  0:00  Drone  
  13  0:12  Overlord  
  13  0:18  Drone  
  14  0:33  Drone x2  
  14  0:35  Drone  
  17  0:52  Hatchery  
  17  0:55  Drone  
  17  0:58  Drone  
  18  1:10  Extractor  
  17  1:16  Spawning Pool  
  17  1:18  Drone  
  17  1:21  Drone  
  18  1:28  Drone  
  19  1:39  Drone  
  20  1:49  Overlord  
  20  2:07  Zergling x4  
  20  2:08  Queen x2  
  22  2:13  Metabolic Boost  
  26  2:25  Drone x3  
  29  2:38  Hatchery  
  28  2:54  Drone x3  
  28  2:55  Drone x3  
  34  3:05  Baneling Nest  
  33  3:10  Overlord  
  33  3:21  Zergling x6  
  36  3:27  Queen  
  38  3:41  Zergling x12  
Show
View Real Time Build Order
Export as new Build Order

damianffg Zerg 

Build Orders: Hatch First 

Get SALT Encoding   

  12  0:00  Drone  
  13  0:08  Drone  
  14  0:16  Overlord  
  14  0:20  Extractor  
  13  0:24  Drone  
  15  0:34  Drone x2  
  17  0:53  Hatchery  
  17  0:54  Drone  
  17  0:58  Extractor  
  17  0:59  Drone  
  17  1:14  Spawning Pool  
  17  1:16  Drone  
  17  1:21  Drone  
  18  1:26  Drone  
  19  1:37  Drone  
  20  1:48  Drone  
  21  1:59  Drone  
  22  2:04  Queen  
  22  2:05  Queen  
  22  2:06  Metabolic Boost  
  26  2:10  Drone  
  26  2:15  Extractor  
  26  2:18  Overlord  
  26  2:21  Drone  
  27  2:25  Drone  
  28  2:45  Drone  
  28  2:48  Drone x2  
  28  2:49  Drone x2  
  33  2:53  Drone  
  34  2:59  Roach Warren  
  34  3:01  Evolution Chamber  
  34  3:02  Overlord  
  32  3:07  Overlord  
  32  3:14  Overlord  
  32  3:28  Drone  
  32  3:30  Drone  
  34  3:34  Drone x2  
  34  3:37  Drone  
  34  3:39  Drone  
  38  3:46  Drone x3  
  38  3:48  Drone  
Tags
 
Matchup
ZvZ
Race
Zerg
Replay Pack
June 2025
Spawn Locations
Cross Positions
Add a new tag
Caveats
  • Supply blocks, unpowered buildings, or Contaminate may cause inaccurate times.
  • Supply counts are checked every 10 seconds.